[Event "Srdja Dragasevic Memorial-A 2024"]
[Site "Cetinje"]
[Date "2024.06.29"]
[Round "9.2"]
[White "Pecurica, Milos"]
[Black "Milanovic, Danilo"]
[Result "1/2-1/2"]
[ECO "B01"]
[WhiteElo "2338"]
[BlackElo "2438"]
[Annotator "RC"]
[PlyCount "49"]
[EventDate "2024.06.23"]
[EventType "swiss"]
[EventCountry "MNE"]
[SourceTitle "playchess.com"]
[Source "ChessBase"]
[SourceQuality "1"]
[TimeControl "40/5400+30:1800+30"]

1. e4 d5 2. exd5 Qxd5 3. Nc3 Qd8 4. d4 Nf6 5. Nf3 g6 6. Bc4 Bg7 7. O-O O-O 8. Re1 a6 9. Ne5 Nbd7 10. Qf3 Nb6 11. Bb3 c6 12. Ne2 a5 13. a3 a4 14. Ba2 Nbd5 15. Bg5 Ne8 16. Bd2 Nec7 17. Rad1 Be6 18. c4 Nf6 19. Bc3 Nd7 20. Nf4 Nxe5 21. dxe5 Qc8 22. h3 Bf5 23. g4 Bd7 24. Bb4 Re8 25. Qd3 1/2-1/2

[Event "Srdja Dragasevic Memorial-A 2024"]
[Site "Cetinje"]
[Date "2024.06.29"]
[Round "9.3"]
[White "Skvortsov, Andrei"]
[Black "Djukic, Nikola"]
[Result "1/2-1/2"]
[ECO "B21"]
[WhiteElo "2331"]
[BlackElo "2532"]
[Annotator "TA"]
[PlyCount "105"]
[EventDate "2024.06.23"]
[EventType "swiss"]
[EventCountry "MNE"]
[SourceTitle "playchess.com"]
[Source "ChessBase"]
[SourceQuality "1"]
[TimeControl "40/5400+30:1800+30"]

1. e4 c5 2. d4 cxd4 3. Qxd4 Nc6 4. Qd3 g6 5. Nf3 Bg7 6. Be2 d6 7. O-O Bg4 8. h3 {[%emt 0:00:16] White has an edge.} Bxf3 9. Bxf3 Nf6 10. Nc3 Rc8 11. Be2 O-O 12. Bg5 Qb6 13. Rab1 Qd4 14. Qf3 (14. Qxd4 {simplifies} Nxd4 15. Bd3 a6 16. Rfd1) 14... Qe5 15. Qe3 Nd4 16. Bd3 Ne6 17. Bxf6 Bxf6 18. Qxa7 Nc5 19. Qb6 Ra8 20. Qb4 Rfc8 21. a3 e6 {[%emt 0:04:24] Dodges Nd5} 22. Rfd1 Be7 23. Bf1 (23. Qb5 $14) 23... Bf8 (23... Bd8 $11) 24. Re1 h5 25. Rbd1 h4 26. Re3 Bh6 27. Rf3 Bf8 28. Qb5 Rc7 29. Qc4 Rcc8 30. Qd4 Bg7 (30... Qxd4 $11 {deserves consideration.} 31. Rxd4 Nd7) 31. Qxd6 $16 Qxd6 32. Rxd6 Rd8 33. Rxd8+ Rxd8 34. b4 Bxc3 (34... Nd3 $142) 35. Rxc3 ({Resist} 35. bxc5 $6 Be5 $14) 35... Nxe4 {[%emt 0:00:06][%mdl 4096] Endgame. KRB-KRN} 36. Rd3 Rc8 {[%emt 0:01:34] [#]} 37. c4 b6 38. Rd4 f5 39. f3 Ng3 40. Kf2 Ra8 41. Rd3 e5 {[%emt 0:05:52] [#]} (41... Kf7 $142) 42. Be2 (42. c5 $1 $16 bxc5 43. bxc5) 42... Kf7 $14 43. Bd1 e4 44. fxe4 fxe4 45. Rc3 Ke6 46. c5 bxc5 47. bxc5 Ke5 {[%emt 0:05:45] Strongly threatening ...Kd4.} 48. Be2 {[%emt 0:07:54] c6 is the strong threat.} Kd4 49. Rc4+ Kd5 {[%emt 0:00:08][%cal Og3e2] Threatens to win with ...Nxe2!} 50. Rc2 {[%emt 0:01:03] c6 would now be deadly.} Rf8+ (50... Rxa3 $2 {perishes.} 51. c6 Nf5 52. c7 $18) (50... Nf5 $11 {keeps the balance.}) 51. Ke1 $16 Rc8 (51... Nf5 $16) 52. Bc4+ $2 ({White should try} 52. a4 $18) 52... Kd4 $1 $11 53. Bb5 {[%emt 0:05:33] Blacks defense is rewarded with a draw.   Weighted Error Value: White=0.16 (very precise) /Black=0.17 (very precise) .  Missed win:     	White=1     	---        Mistake:       	White=2     	Black=6      Inaccurate:     	White=1     	Black=3      OK:         	White=15    	Black=17     Best:        	White=3     	Black=4      Strong:       	---       	Black=1} 1/2-1/2

[Event "Srdja Dragasevic Memorial-A 2024"]
[Site "Cetinje"]
[Date "2024.06.29"]
[Round "9.4"]
[White "Mammadova, Narmin"]
[Black "Mammadov, Zaur"]
[Result "1/2-1/2"]
[ECO "D20"]
[WhiteElo "2277"]
[BlackElo "2426"]
[Annotator "RC"]
[PlyCount "23"]
[EventDate "2024.06.23"]
[EventType "swiss"]
[EventCountry "MNE"]
[SourceTitle "playchess.com"]
[Source "ChessBase"]
[SourceQuality "1"]
[TimeControl "40/5400+30:1800+30"]

1. d4 d5 2. c4 dxc4 3. e4 Nf6 4. e5 Nd5 5. Bxc4 Nc6 6. Nf3 Nb6 7. Bb3 Bg4 8. Ng5 Bxd1 9. Bxf7+ Kd7 10. Be6+ Ke8 11. Bf7+ Kd7 12. Be6+ 1/2-1/2

[Event "Srdja Dragasevic Memorial-A 2024"]
[Site "Cetinje"]
[Date "2024.06.29"]
[Round "9.5"]
[White "Damljanovic, Branko"]
[Black "Karthik Venkataraman"]
[Result "0-1"]
[ECO "B00"]
[WhiteElo "2364"]
[BlackElo "2590"]
[Annotator "TA"]
[PlyCount "108"]
[EventDate "2024.06.23"]
[EventType "swiss"]
[EventCountry "MNE"]
[SourceTitle "playchess.com"]
[Source "ChessBase"]
[SourceQuality "1"]
[TimeControl "40/5400+30:1800+30"]

1. Nf3 b6 2. e4 Bb7 3. Nc3 e6 4. d4 Bb4 5. Bd3 Nf6 6. e5 Ne4 {[%emt 0:00:43] B00: Queen's Fianchetto Defence, Nimzowitsch Defence.} 7. O-O {[%emt 0:00:03] is recently more successful than 7.Bd2.} Nxc3 8. bxc3 Be7 9. Ne1 c5 10. Qg4 g6 11. Bh6 d5 $146 ({Predecessor:} 11... Nc6 12. Nf3 cxd4 13. cxd4 Nb4 14. Be4 Bxe4 15. Qxe4 Rc8 16. Rfc1 d5 17. exd6 Qxd6 {1-0 Dondukov,S (2320)-Radnaev,A (2008) Ulan-Ude Buryatia-ch 2013 (3)}) 12. f4 Bc8 13. Nf3 c4 14. Be2 Kd7 (14... Bf8 $11 {keeps the balance.} 15. Bg5 Be7) 15. Qh3 (15. a4 $16) 15... Qg8 $1 $11 16. a4 Nc6 17. g4 Kc7 18. Qg3 Bf8 19. Bg5 h6 20. Bf6 Bg7 21. Kf2 Bxf6 (21... Bd7 $11 {remains equal.}) 22. exf6 $16 Kb7 23. Rfb1 (23. a5 $16 b5 24. Rfb1) 23... a5 $1 $11 24. Rb2 Qd8 25. Rab1 Ra6 $1 26. g5 (26. Nd2 $5) 26... h5 (26... hxg5 $11 27. fxg5 Qc7) 27. Nd2 $1 $16 Qc7 28. Nxc4 (28. Bxc4 {is interesting.} dxc4 29. Nxc4 Rd8 30. Rxb6+ Rxb6 31. Rxb6+ Qxb6 32. Nxb6 Kxb6 33. Qe3) 28... dxc4 ({Black should try} 28... h4 29. Qe3 dxc4) 29. Bxc4 $16 Ka7 30. Bxa6 $2 (30. f5 $16 e5 31. Bxa6) 30... Bxa6 $11 31. f5 (31. Rxb6 $5 Nb4 $8 32. Rxa6+ Nxa6 33. Qe3 $11) 31... Qxg3+ 32. hxg3 exf5 33. Rxb6 Rc8 34. R6b2 Re8 35. Re1 $2 {[%emt 0:00:00] [#]} (35. Rb6 $11 {and White stays safe.} Rc8 36. R6b3) 35... Rxe1 $1 $19 36. Kxe1 Bc4 37. Kf2 {[%emt 0:00:00] [#]} (37. d5 $17 Bxd5 38. Kd2) 37... Nd8 $1 $19 38. d5 (38. Ke3 {was necessary.} Ne6 39. d5 Bxd5 (39... Nxg5 $2 40. Kd4 $18) 40. Rb5) 38... Bxd5 $19 39. Rb5 Bc6 40. Rxa5+ Kb6 41. Re5 Bxa4 42. Re7 (42. c4 $142) 42... Kc6 ({And not} 42... Bxc2 43. Rd7 Nc6 (43... Ne6 $2 44. Rd6+ Kc5 45. Rxe6 $18) 44. Rxf7 $11) 43. Ke3 (43. c4 $142) 43... Bb5 $19 (43... Bxc2 $2 44. c4 $19) 44. Re5 Bc4 ({Wrong is} 44... Ne6 $2 45. Rxe6+ Kc5 46. Re5+ (46. Re7 f4+ 47. gxf4 Bc4 $18) 46... Kc6 47. Re7 $18) 45. Kd4 Be6 46. c4 Kd6 47. c5+ Kd7 48. Re1 Nc6+ 49. Kd3 (49. Kc3 $142) 49... Bd5 $19 50. Ke3 Be4 51. Rd1+ Kc7 52. c3 Ne5 53. Ra1 Nd7 54. Ra7+ Bb7 0-1

[Event "Srdja Dragasevic Memorial-A 2024"]
[Site "Cetinje"]
[Date "2024.06.29"]
[Round "9.6"]
[White "Engin, Onur Cinar"]
[Black "Tadic, Stefan"]
[Result "0-1"]
[ECO "C50"]
[WhiteElo "2114"]
[BlackElo "2421"]
[Annotator "RC"]
[PlyCount "88"]
[EventDate "2024.06.23"]
[EventType "swiss"]
[EventCountry "MNE"]
[SourceTitle "playchess.com"]
[Source "ChessBase"]
[SourceQuality "1"]
[TimeControl "40/5400+30:1800+30"]

1. e4 e5 2. Nf3 Nc6 3. Bc4 Nf6 4. d3 Bc5 5. Bg5 h6 6. Bh4 Be7 7. Bg3 d6 8. a4 O-O 9. h3 Be6 10. Bxe6 fxe6 11. O-O Qe8 12. c3 b6 13. Qb3 Qd7 14. Nbd2 Nh5 15. d4 exd4 16. Nxd4 Nxg3 17. fxg3 Nxd4 18. cxd4 d5 19. Rfe1 c5 20. Nf3 Bf6 21. Rad1 c4 22. Qc2 b5 23. exd5 exd5 24. Ne5 Bxe5 25. dxe5 Rfe8 26. axb5 Qxb5 27. Qg6 Rad8 28. e6 Re7 29. Qf5 Qb6+ 30. Kh2 d4 31. Re4 d3 32. Rxc4 Qxe6 33. Qxe6+ Rxe6 34. Rc3 d2 35. Rc2 Re2 36. b3 a5 37. Ra2 Rd5 38. Ra4 Re1 39. Raa1 Rde5 40. b4 a4 41. b5 a3 42. b6 Rxd1 43. Rxd1 a2 44. b7 Re8 0-1

[Event "Srdja Dragasevic Memorial-A 2024"]
[Site "Cetinje"]
[Date "2024.06.29"]
[Round "9.7"]
[White "Sukovic, Andrej"]
[Black "Yaksin, Oleg"]
[Result "1-0"]
[ECO "B67"]
[WhiteElo "2350"]
[BlackElo "2389"]
[Annotator "RC"]
[PlyCount "83"]
[EventDate "2024.06.23"]
[EventType "swiss"]
[EventCountry "MNE"]
[SourceTitle "playchess.com"]
[Source "ChessBase"]
[SourceQuality "1"]
[TimeControl "40/5400+30:1800+30"]

1. e4 c5 2. Nf3 d6 3. d4 cxd4 4. Nxd4 Nf6 5. Nc3 Nc6 6. Bg5 e6 7. Qd2 a6 8. O-O-O Bd7 9. Kb1 Be7 10. f3 Rc8 11. Nxc6 Rxc6 12. h4 b5 13. Ne2 b4 14. Nd4 Rb6 15. Be3 a5 16. g4 Rb7 17. Ba6 Rb8 18. Be2 g6 19. Bd3 e5 20. Ne2 Be6 21. g5 Nh5 22. f4 Qd7 23. Rhf1 exf4 24. Bd4 Rf8 25. Nxf4 Nxf4 26. Qxf4 Qc6 27. Bg7 Rg8 28. Bf6 Qc5 29. Bd4 Qc6 30. Bf6 Bxf6 31. Qxf6 Qc5 32. b3 Rc8 33. Rd2 Qe5 34. Qf2 Kf8 35. Bc4 Bxc4 36. bxc4 Rc7 37. Rd5 Qc3 38. e5 Qxc4 39. Rxd6 Ke8 40. Rfd1 Rc8 41. e6 Rg7 42. e7 1-0

[Event "Srdja Dragasevic Memorial-A 2024"]
[Site "Cetinje"]
[Date "2024.06.29"]
[Round "9.8"]
[White "Vujovic, Savo"]
[Black "Kalezic, Blazo"]
[Result "1/2-1/2"]
[ECO "E07"]
[WhiteElo "2230"]
[BlackElo "2398"]
[Annotator "RC"]
[PlyCount "71"]
[EventDate "2024.06.23"]
[EventType "swiss"]
[EventCountry "MNE"]
[SourceTitle "playchess.com"]
[Source "ChessBase"]
[SourceQuality "1"]
[TimeControl "40/5400+30:1800+30"]

1. d4 d5 2. c4 c6 3. Nf3 Nf6 4. Nc3 e6 5. g3 Nbd7 6. Bg2 dxc4 7. e4 Be7 8. O-O O-O 9. Bf4 Bb4 10. Nd2 Nb6 11. a3 Be7 12. Be3 e5 13. dxe5 Ng4 14. Bxb6 axb6 15. Nxc4 b5 16. Nd6 Nxe5 17. Nxc8 Rxc8 18. Qh5 Bf6 19. Bh3 g6 20. Qe2 Ra8 21. f4 Nc4 22. e5 Bg7 23. Rfd1 Qb6+ 24. Kh1 Rfd8 25. Ne4 Qe3 26. Qxe3 Nxe3 27. Rxd8+ Rxd8 28. Nd6 Bf8 29. Re1 Bxd6 30. Rxe3 Bc5 31. Re2 Kf8 32. Bg4 Ke7 33. Kg2 b4 34. axb4 Bxb4 35. Rc2 Rd2+ 36. Rxd2 1/2-1/2

[Event "Srdja Dragasevic Memorial-A 2024"]
[Site "Cetinje"]
[Date "2024.06.29"]
[Round "9.9"]
[White "Tomic, Aleksandar"]
[Black "Asllani, Muhamet"]
[Result "1-0"]
[ECO "D97"]
[WhiteElo "2388"]
[BlackElo "2219"]
[Annotator "RC"]
[PlyCount "91"]
[EventDate "2024.06.23"]
[EventType "swiss"]
[EventCountry "MNE"]
[SourceTitle "playchess.com"]
[Source "ChessBase"]
[SourceQuality "1"]
[TimeControl "40/5400+30:1800+30"]

1. d4 d5 2. c4 dxc4 3. Nf3 Nf6 4. Qa4+ c6 5. Qxc4 g6 6. Nc3 Bg7 7. e4 O-O 8. h3 a5 9. Be2 b5 10. Qd3 Ba6 11. Qc2 Nbd7 12. O-O Nb6 13. Rd1 Qc8 14. a3 Nfd7 15. e5 Nd5 16. Ne4 f5 17. Neg5 N7b6 18. h4 h6 19. Nh3 e6 20. Nf4 Nxf4 21. Bxf4 Nd5 22. Qd2 Kh7 23. Rac1 Qd7 24. Ne1 b4 25. Bxa6 Rxa6 26. Nd3 Rb6 27. a4 Qe7 28. g3 Rg8 29. Qe2 Bf8 30. Rc4 Qf7 31. Kg2 Be7 32. Bd2 g5 33. hxg5 hxg5 34. Rh1+ Kg7 35. Rcc1 Rh8 36. Rxh8 Kxh8 37. Rh1+ Kg7 38. Nc5 Qg6 39. Nb3 Rb8 40. Nxa5 Ra8 41. Nxc6 Rxa4 42. Nxe7 Nxe7 43. Qb5 Ra8 44. Qb7 Re8 45. Bxb4 Kf7 46. Rc1 1-0

[Event "Srdja Dragasevic Memorial-A 2024"]
[Site "Cetinje"]
[Date "2024.06.29"]
[Round "9.10"]
[White "Kosic, Dragan"]
[Black "Pogorelskikh, Sofia"]
[Result "1/2-1/2"]
[ECO "D46"]
[WhiteElo "2382"]
[BlackElo "2216"]
[Annotator "RC"]
[PlyCount "152"]
[EventDate "2024.06.23"]
[EventType "swiss"]
[EventCountry "MNE"]
[SourceTitle "playchess.com"]
[Source "ChessBase"]
[SourceQuality "1"]
[TimeControl "40/5400+30:1800+30"]

1. d4 d5 2. c4 e6 3. Nc3 c6 4. e3 Nf6 5. Nf3 Nbd7 6. Qc2 Bd6 7. Bd3 O-O 8. O-O dxc4 9. Bxc4 a6 10. Rd1 b5 11. Bd3 Qc7 12. e4 e5 13. Ne2 c5 14. dxc5 Nxc5 15. Bg5 Bg4 16. Nh4 Nxd3 17. Qxd3 Be7 18. Rac1 Qa5 19. a3 Rfd8 20. Qe3 h6 21. Bxf6 Bxf6 22. Nf3 b4 23. h3 Rxd1+ 24. Rxd1 Be6 25. axb4 Qxb4 26. Rd2 a5 27. Nc1 Rc8 28. Nd3 Qb5 29. Rd1 a4 30. Rd2 Bb3 31. Kh2 Bc2 32. Nde1 Bb1 33. Qe2 Rb8 34. Qe3 Qb3 35. Qc5 Bxe4 36. Nxe5 Qb4 37. Qc7 Bxe5+ 38. Qxe5 Qxd2 39. Qxb8+ Kh7 40. Qe5 Qxe1 41. f3 f5 42. fxe4 Qxe4 43. Qc3 h5 44. Kg3 h4+ 45. Kf2 Qf4+ 46. Kg1 Kg6 47. Qc5 Qe4 48. Qd6+ Kg5 49. Qd2+ Qf4 50. Qd8+ Kh5 51. Qh8+ Qh6 52. Qe8+ Qg6 53. Qxa4 Qb6+ 54. Kh2 Qb8+ 55. Kh1 Qxb2 56. Qe8+ g6 57. Qe7 Qb1+ 58. Kh2 Qe4 59. Qf6 Qf4+ 60. Kh1 Qc1+ 61. Kh2 Qc7+ 62. Kh1 Qd7 63. Kh2 g5 64. Qh8+ Kg6 65. Qg8+ Qg7 66. Qe6+ Qf6 67. Qg8+ Kh6 68. Kh1 g4 69. hxg4 Qa1+ 70. Kh2 Qe5+ 71. Kh1 Qe1+ 72. Kh2 Qg3+ 73. Kg1 Qxg4 74. Qh8+ Kg5 75. Qg7+ Kf4 76. Qd4+ Kg5 1/2-1/2

[Event "Srdja Dragasevic Memorial-A 2024"]
[Site "Cetinje"]
[Date "2024.06.29"]
[Round "9.13"]
[White "Levi, Netanel"]
[Black "Willy, Stephen"]
[Result "0-1"]
[ECO "C56"]
[WhiteElo "2152"]
[BlackElo "2046"]
[Annotator "RC"]
[PlyCount "124"]
[EventDate "2024.06.23"]
[EventType "swiss"]
[EventCountry "MNE"]
[SourceTitle "playchess.com"]
[Source "ChessBase"]
[SourceQuality "1"]
[TimeControl "40/5400+30:1800+30"]

1. e4 e5 2. Nf3 Nc6 3. Bc4 Nf6 4. d4 exd4 5. e5 Ng4 6. O-O d6 7. exd6 Qxd6 8. h3 Nf6 9. Ng5 Nd8 10. c3 h6 11. Re1+ Be7 12. Nf3 Be6 13. Bxe6 Nxe6 14. Qa4+ c6 15. Nxd4 Nxd4 16. Qxd4 Qxd4 17. cxd4 Kd7 18. Nc3 Bb4 19. Rd1 Bxc3 20. bxc3 b5 21. Ba3 Rhe8 22. Kf1 Ke6 23. Re1+ Kd5 24. Re5+ Rxe5 25. dxe5 Ne4 26. Rd1+ Kxe5 27. Rd7 Nxc3 28. Rxf7 Nxa2 29. f4+ Kd4 30. Rxg7 b4 31. Bb2+ Nc3 32. f5 a5 33. f6 a4 34. Rg4+ Kc5 35. Bxc3 bxc3 36. Ke2 Rd8 37. Rxa4 c2 38. Ra1 Kc4 39. g4 Kc3 40. h4 Rd2+ 41. Kf3 Rd1 42. Ra6 Rf1+ 43. Ke4 Rxf6 44. g5 hxg5 45. hxg5 c1=Q 46. gxf6 Qe1+ 47. Kf5 Qf1+ 48. Ke6 Qxa6 49. f7 Qf1 50. Ke7 c5 51. f8=Q Qxf8+ 52. Kxf8 c4 53. Ke7 Kd2 54. Kd6 c3 55. Kd5 c2 56. Ke4 c1=Q 57. Kf4 Qe1 58. Kf3 Qh4 59. Kg2 Ke2 60. Kg1 Qg4+ 61. Kh1 Kf2 62. Kh2 Qg2# 0-1

[Event "Srdja Dragasevic Memorial-A 2024"]
[Site "Cetinje"]
[Date "2024.06.29"]
[Round "9.14"]
[White "Ivanovic, Bozidar"]
[Black "Kolmakov, Ivan D."]
[Result "1-0"]
[ECO "C00"]
[WhiteElo "2371"]
[BlackElo "1902"]
[Annotator "RC"]
[PlyCount "157"]
[EventDate "2024.06.23"]
[EventType "swiss"]
[EventCountry "MNE"]
[SourceTitle "playchess.com"]
[Source "ChessBase"]
[SourceQuality "1"]
[TimeControl "40/5400+30:1800+30"]

1. e4 e6 2. d3 d5 3. Nd2 Nf6 4. g3 dxe4 5. dxe4 Nc6 6. Bg2 e5 7. Ngf3 Bc5 8. O-O O-O 9. c3 a5 10. h3 b6 11. Re1 Ba6 12. Bf1 Bxf1 13. Kxf1 Qd3+ 14. Qe2 Rad8 15. a4 Rd7 16. Qxd3 Rxd3 17. Kg2 Rfd8 18. Nc4 Nd7 19. Bd2 Be7 20. Be3 f6 21. Re2 Nc5 22. Bxc5 Bxc5 23. Rd2 Rxd2 24. Nfxd2 Nb8 25. Nb3 Na6 26. Kf3 Kf7 27. Ke2 Ke6 28. f3 g6 29. Rd1 Rxd1 30. Kxd1 Bf2 31. g4 Nc5 32. Nxc5+ Bxc5 33. Ke2 h5 34. Kd3 hxg4 35. hxg4 Kd7 36. g5 Ke6 37. gxf6 Kxf6 38. Ke2 Ke6 39. b3 Kf6 40. Nb2 Bd6 41. Nd3 Ke6 42. b4 c6 43. bxa5 bxa5 44. Nb2 Kf6 45. Nc4 Bc7 46. Kf2 Ke6 47. Kg3 Kf6 48. Kg4 Kg7 49. Nb2 Kf6 50. Nc4 Kg7 51. Kg3 Kf6 52. Kf2 Kg5 53. Ke3 Kh4 54. Ke2 Kg5 55. Nd2 Kf6 56. Kd3 Kg5 57. Nf1 Kf4 58. Ke2 Kg5 59. Ne3 Kf6 60. Nc4 Kg5 61. Nb2 Kf6 62. Nd3 Bb6 63. Kd2 Ke6 64. Kc2 Kd6 65. Kb3 Ke6 66. Kc4 Kd6 67. Nc1 Be3 68. Nb3 Bb6 69. Kd3 Ke6 70. c4 Kd6 71. c5+ Bxc5 72. Nxa5 Bd4 73. f4 Kc5 74. Nb3+ Kb4 75. Nxd4 exd4 76. f5 gxf5 77. exf5 c5 78. f6 c4+ 79. Kxd4 1-0

[Event "Srdja Dragasevic Memorial-A 2024"]
[Site "Cetinje"]
[Date "2024.06.29"]
[Round "9.15"]
[White "Vujosevic, Vladimir"]
[Black "Miletic, Vuk"]
[Result "1/2-1/2"]
[ECO "A08"]
[WhiteElo "2306"]
[BlackElo "2193"]
[Annotator "RC"]
[PlyCount "38"]
[EventDate "2024.06.23"]
[EventType "swiss"]
[EventCountry "MNE"]
[SourceTitle "playchess.com"]
[Source "ChessBase"]
[SourceQuality "1"]
[TimeControl "40/5400+30:1800+30"]

1. e4 c5 2. Nf3 e6 3. d3 Nc6 4. g3 d5 5. Nbd2 Bd6 6. Bg2 Nge7 7. O-O O-O 8. Nh4 Rb8 9. f4 b5 10. e5 Bc7 11. Ndf3 h6 12. c3 Bb6 13. d4 b4 14. Rf2 bxc3 15. bxc3 Na5 16. Bf1 Nc4 17. g4 cxd4 18. cxd4 Nc6 19. g5 g6 1/2-1/2

[Event "Srdja Dragasevic Memorial-A 2024"]
[Site "Cetinje"]
[Date "2024.06.29"]
[Round "9.16"]
[White "Djurovic, Peko"]
[Black "Skvortsova, Alena"]
[Result "1-0"]
[ECO "C41"]
[WhiteElo "2292"]
[BlackElo "2170"]
[Annotator "RC"]
[PlyCount "71"]
[EventDate "2024.06.23"]
[EventType "swiss"]
[EventCountry "MNE"]
[SourceTitle "playchess.com"]
[Source "ChessBase"]
[SourceQuality "1"]
[TimeControl "40/5400+30:1800+30"]

1. e4 d6 2. d4 Nf6 3. Nc3 e5 4. Nf3 Nbd7 5. Bc4 Be7 6. O-O O-O 7. a4 c6 8. h3 h6 9. Re1 Re8 10. a5 Bf8 11. Ba2 exd4 12. Nxd4 Nc5 13. Qf3 d5 14. e5 Nfe4 15. Bf4 Nxc3 16. Qxc3 Ne6 17. Nxe6 Bxe6 18. Qg3 Kh8 19. Bb3 b6 20. axb6 axb6 21. c3 Bf5 22. Rad1 b5 23. Qf3 Be4 24. Rxe4 dxe4 25. Qxe4 Qh4 26. Bxf7 Red8 27. Rxd8 Qxd8 28. Bb3 Bc5 29. Bc2 Qg8 30. e6 Ra1+ 31. Kh2 Bxf2 32. e7 Bg1+ 33. Kg3 Ra8 34. Qxc6 Rc8 35. Bb3 Rxc6 36. Bxg8 1-0

[Event "Srdja Dragasevic Memorial-A 2024"]
[Site "Cetinje"]
[Date "2024.06.29"]
[Round "9.17"]
[White "Alimpic, Aleksa"]
[Black "Slugin, Alexander"]
[Result "1-0"]
[ECO "A43"]
[WhiteElo "2281"]
[BlackElo "2157"]
[Annotator "RC"]
[PlyCount "49"]
[EventDate "2024.06.23"]
[EventType "swiss"]
[EventCountry "MNE"]
[SourceTitle "playchess.com"]
[Source "ChessBase"]
[SourceQuality "1"]
[TimeControl "40/5400+30:1800+30"]

1. d4 e6 2. e4 c5 3. d5 Nf6 4. Nc3 exd5 5. exd5 d6 6. Nf3 a6 7. a4 b6 8. Be2 Be7 9. O-O O-O 10. h3 Re8 11. Re1 Nbd7 12. Bc4 Nf8 13. Bf4 Bb7 14. Qd3 Qd7 15. Bh2 Ng6 16. Re2 Nh5 17. Qd2 Bf6 18. Ne4 Bxb2 19. Rb1 Be5 20. Nxe5 Nxe5 21. Bxe5 Rxe5 22. Rxb6 Rae8 23. Nxd6 Rxe2 24. Bxe2 Qc7 25. Rxb7 1-0

[Event "Srdja Dragasevic Memorial-A 2024"]
[Site "Cetinje"]
[Date "2024.06.29"]
[Round "9.18"]
[White "Nikolic, Nebojsa"]
[Black "Hart, Alexander"]
[Result "1-0"]
[ECO "B13"]
[WhiteElo "2268"]
[BlackElo "1949"]
[Annotator "RC"]
[PlyCount "121"]
[EventDate "2024.06.23"]
[EventType "swiss"]
[EventCountry "MNE"]
[SourceTitle "playchess.com"]
[Source "ChessBase"]
[SourceQuality "1"]
[TimeControl "40/5400+30:1800+30"]

1. d4 d5 2. Nf3 Nf6 3. Bf4 c5 4. e3 Nc6 5. Nbd2 cxd4 6. exd4 Bg4 7. c3 e6 8. Qb3 Qb6 9. Qxb6 axb6 10. h3 Bh5 11. g4 Bg6 12. Nh4 Be7 13. Bb5 Bc2 14. Ng2 h6 15. Ne3 Ba4 16. Bd3 Nb8 17. Bg3 Bc6 18. f4 Bd6 19. O-O b5 20. a3 Nbd7 21. Rae1 O-O-O 22. Nf3 Rdf8 23. Ne5 Bc7 24. f5 Nxe5 25. Bxe5 Ne8 26. Ng2 Rhg8 27. Nf4 Kd7 28. fxe6+ fxe6 29. Nxe6 Rxf1+ 30. Kxf1 Bxe5 31. Rxe5 Nd6 32. Bh7 Rh8 33. Bf5 g5 34. Kg2 Kc8 35. Ng7+ Kb8 36. Bd3 Rf8 37. Nf5 Nf7 38. Re6 Rh8 39. Rf6 Be8 40. Ng7 Nd8 41. Nxe8 Rxe8 42. Bxb5 Re1 43. Rf1 Re3 44. Bd7 Kc7 45. Bf5 Kb6 46. Rf3 Re1 47. Bd3 Ka5 48. Rf5 Ne6 49. Rxd5+ b5 50. Rxb5+ Ka4 51. Kf2 Rh1 52. Rb4+ Ka5 53. Bf1 Nf4 54. d5 Rh2+ 55. Kg3 Rd2 56. Rd4 Rxb2 57. d6 Rb8 58. a4 Rd8 59. Bb5 Kb6 60. d7 Ka5 61. Rd6 1-0